 Dungeon Crawl Stone Soup version 0.30-b1-2-g02819fbbbe (webtiles) character file.

Game seed: 5134867354030112674

94105 Alarkh the Marksdemonspawn (level 15, -2/110 HPs)
             Began as a Demonspawn Hexslinger on July 6, 2023.
             Was a Follower of Uskayaw.
             Slain by Jorgrun
             ... wielding a staff of earth
              (4 damage)
             ... while petrified by Jorgrun
             ... on level 1 of the Swamp.
             The game lasted 00:47:42 (19656 turns).

Alarkh the Marksdemonspawn (Demonspawn Hexslinger) Turns: 19656, Time: 00:47:42

Health: -2/110     AC: 15    Str: 10    XL:     15   Next: 62%
Magic:  0/23       EV:  2    Int: 29    God:    Uskayaw [*.....]
Gold:   2025       SH:  0    Dex: 22    Spells: 19/23 levels left

rFire   + + .        b - +6 arbalest of Gozag's Scorn {speed, *Slow rF++ Int+5 Dex-3}
rCold   + . .        (shield currently unavailable)
rNeg    + + +        f - +2 ring mail of the Evil One {Regen+ rCorr Int+3 Dex+6}
rPois   ∞            q - +2 helmet {SInv}
rElec   .            u - +0 cloak
rCorr   +            (no gloves)
SInv    +            O - +0 pair of boots
Will    +....        N - brooch of Shielding {Spirit SH+8}
Stlth   ++++++       c - ring of poison resistance
HPRegen 1.18/turn    R - ring "Feylic" {rC+ Slay+2}
MPRegen 0.36/turn

%: slow self (1%), guardian spirit
@: petrified, portalling projectiles, flying, slowed, studying 2 skills
A: claws 2, thin skeletal structure 2, powered by death 3, magic regeneration
a: Renounce Religion, Stomp


You were on level 1 of the Swamp.
You worshipped Uskayaw.
Uskayaw was aware of your devotion.
You visited 5 branches of the dungeon, and saw 24 of its levels.
You also visited: Sewer and Ice Cave.

You collected 4557 gold pieces.
You spent 2532 gold pieces at shops.

Inventory:

Hand Weapons
 b - the +6 arbalest of Gozag's Scorn (weapon) {speed, *Slow rF++ Int+5 Dex-3}
   (You acquired it on level 5 of the Lair of Beasts)

   Int:       It affects your intelligence (+5).
   Dex:       It affects your dexterity (-3).
   rF:        It greatly protects you from fire.
   *Slow:     It may slow you when you take damage.
Armour
 f - the +2 ring mail of the Evil One (worn) {Regen+ rCorr Int+3 Dex+6}
   (You acquired it on level 4 of the Dungeon)

   Int:       It affects your intelligence (+3).
   Dex:       It affects your dexterity (+6).
   Regen:     It increases your rate of health regeneration.
   rCorr:     It protects you from acid and corrosion.
 q - a +2 helmet of see invisible (worn)
 u - a +0 cloak (worn)
 O - a +0 pair of boots (worn)
Jewellery
 c - a ring of poison resistance (left claw)
 p - a +5 ring of evasion
 N - the brooch of Shielding (around neck) {Spirit SH+8}
   (You bought it in a shop on level 13 of the Dungeon)

   [amulet of guardian spirit]

   It causes incoming damage to be divided between your reserves of health and
   magic.
   SH:        It affects your SH (+8).
 R - the ring "Feylic" (right claw) {rC+ Slay+2}
   (You bought it in a shop on level 13 of the Dungeon)

   [ring of protection from cold]

   Slay:      It affects your accuracy & damage with ranged weapons and melee
   (+2).
   rC:        It protects you from cold.
 S - a ring of flight
Wands
 a - a wand of paralysis (2)
 g - a wand of acid (27)
 y - a wand of mindburst (7)
 D - a wand of flame (83)
 P - a wand of iceblast (15)
Scrolls
 h - 2 scrolls of vulnerability
 j - 9 scrolls of teleportation
 l - a scroll of torment
 r - 2 scrolls of fear
 w - 3 scrolls of magic mapping
 C - 2 scrolls of silence
 G - 2 scrolls of butterflies
 I - 2 scrolls of fog
 J - a scroll of blinking
Potions
 d - 5 potions of brilliance
 e - 7 potions of curing
 i - a potion of flight
 o - 7 potions of might
 s - 2 potions of haste
 t - 4 potions of magic
 z - 3 potions of heal wounds
 F - 3 potions of cancellation
 H - 3 potions of berserk rage
 L - a potion of invisibility


   Skills:
 + Level 8.1 Fighting
 * Level 16.9 Ranged Weapons
 + Level 9.4 Armour
 + Level 9.5 Dodging
 + Level 7.8 Stealth
 * Level 7.8 Unarmed Combat
 + Level 4.7 Spellcasting
 + Level 6.7 Hexes
 + Level 5.2 Translocations
 + Level 11.5 Invocations


You had 19 spell levels left.
You knew the following spells:

 Your Spells              Type           Power      Damage    Failure   Level
a - Portal Projectile     Hex/Tloc       82%        N/A       3%          3
b - Slow                  Hex            100%       N/A       1%          1

Your spell library contained the following spells:

 Spells                   Type           Power      Damage    Failure   Level
 Tukima's Dance           Hex            45%        N/A       2%          3
 Ensorcelled Hibernation  Hex/Ice        52%        N/A       5%          2
 Cause Fear               Hex            22%        N/A       9%          4
 Inner Flame              Hex/Fire       26%        N/A       11%         3
 Beastly Appendage        Tmut           12%        N/A       14%         1
 Freeze                   Ice            24%        1d4       14%         1
 Passage of Golubria      Tloc           37%        N/A       16%         4
 Cigotuvi's Dreadful Rot  Necr/Pois/Air  12%        N/A       21%         2
 Passwall                 Tmut/Erth      5%         N/A       21%         2
 Wereblood                Tmut           6%         N/A       21%         2
 Anguish                  Hex/Necr       13%        N/A       34%         4
 Frozen Ramparts          Ice            12%        1d2       38%         3
 Hailstorm                Conj/Ice       6%         3d4       38%         3
 Ignite Poison            Fire/Tmut/Pois 6%         N/A       38%         3
 Ozocubu's Armour         Ice            6%         N/A       38%         3
 Spider Form              Tmut/Pois      6%         N/A       38%         3
 Stone Arrow              Conj/Erth      12%        3d7       38%         3
 Swiftness                Air            6%         N/A       38%         3
 Metabolic Englaciation   Hex/Ice        13%        N/A       67%         5
 Silence                  Hex/Air        13%        N/A       67%         5
 Summon Forest            Summ/Tloc      11%        N/A       77%         5
 Animate Armour           Summ/Erth      12%        N/A       80%         4
 Flame Wave               Conj/Fire      6%         2d5       80%         4
 Sticky Flame             Conj/Fire      6%         2d3       80%         4
 Alistair's Intoxication  Tmut/Pois      4%         N/A       98%         5
 Blade Hands              Tmut           3%         N/A       98%         5
 Borgnjor's Vile Clutch   Necr/Erth      3%         N/A       98%         5
 Fireball                 Conj/Fire      3%         3d4       98%         5
 Freezing Cloud           Conj/Ice/Air   3%         6-21      98%         5
 Iskenderun's Battlesphe  Conj           6%         2d6       98%         5
 Conjure Ball Lightning   Conj/Air       3%         3x3d6     100%        6
 Eringya's Noxious Bog    Tmut/Pois      3%         N/A       100%        6
 Simulacrum               Ice/Necr       3%         N/A       100%        6
 Enfeeble                 Hex            22%        N/A       100%        7
 Orb of Destruction       Conj           3%         9d5       100%        7
 Ozocubu's Refrigeration  Ice            3%         4d8       100%        7
 Summon Hydra             Summ           3%         N/A       100%        7
 Lehudib's Crystal Spear  Conj/Erth      3%         10d2      100%        8


Dungeon Overview and Level Annotations

Branches:
Dungeon (15/15)            Temple (1/1) D:4            Lair (5/5) D:10
  Swamp (1/4) Lair:3       Spider (0/4) Lair:2        Slime (0/5) Lair:5
    Orc (2/2) D:12            Elf (0/3) Orc:2        Vaults (0/5) D:14
 Depths (0/4) D:15          Sewer (visited)           IceCv (visited)

Altars:
Ashenzari
Cheibriados
Dithmenos
Fedhas
Gozag
Hepliaklqana
Kikubaaqudgha
Makhleb
Nemelex Xobeh
Okawaru
Qazlal
Ru
Sif Muna
Trog
Uskayaw
Vehumet
Wu Jian
Xom
Yredelemnul
Jiyva

Shops:
D:4 **   D:5 *   D:6 :   D:11 (   D:13 =   Orc:2 (=?(

Portals:
Trove: D:12 (show slimy rune of Zot)

Annotations:
D:7 2 transporters, LordXaan's ghost, amateur MiBe
Swamp:1 Jorgrun


Innate Abilities, Weirdness & Mutations

You have very sharp fingernails.
You have a moderately thin skeletal structure. (Dex +4, Stealth++)
You regenerate a lot of health from kills.
You regenerate magic rapidly.


Message History

You magically shoot a bolt.
The bolt hits Jorgrun!!!
Jorgrun is severely wounded.
Jorgrun casts a spell at you.
Roots burst forth from the earth!
The grasping roots grab you! The grasping roots constrict you!
You feel yourself slow down.
You can now pass through a line of other dancers.
You magically shoot a bolt.
The bolt closely misses Jorgrun.
You block Jorgrun's attack. The grasping roots constrict you.
You magically shoot a bolt.
The bolt barely misses Jorgrun.
Jorgrun points at you and mumbles some strange words.
You are slowing down.
The grasping roots constrict you! The tyrant leech bites you!
The tyrant leech draws strength from your injuries!
Aiming: Line Pass
Press: ? - help, Dir - move target, p - Jorgrun Jorgrun appears confused.
The roots lose their grip on you.
You can no longer pass through a line of other dancers.
Jorgrun mumbles something.
Jorgrun hits you with a staff of earth! Jorgrun shatters you!
The tyrant leech bites you but does no damage.
The tyrant leech bites you!!
* * * LOW HITPOINT WARNING * * *
The tyrant leech draws strength from your injuries!
You have turned to stone.
Jorgrun seems less confused.
Jorgrun gestures at you while chanting. The iron shot hits you!!
* * * LOW HITPOINT WARNING * * *
The tyrant leech bites you!
* * * LOW HITPOINT WARNING * * *
Jorgrun casts a spell at you.
The tyrant leech bites you but does no damage.
Jorgrun gestures next to you while chanting.
The wall shatters!
The blast of rock fragments hits you but does no damage.
The tyrant leech bites you!!
* * * LOW HITPOINT WARNING * * *
Jorgrun hits you with a staff of earth!
You die...

.♣.♣♣.~.#.##.###
~♣~♣♣~~~.############# ♣♣
♣♣♣♣♣~..~~~....#.....♣♣♣~~
♣...~~~~...##(..~.....
♣~~...~....##..~~~...♣
♣♣♣♣♣♣♣..♣.#...~§§..♣~
♣♣♣§.##~~~~~...§ .
♣♣~..~§....~~~ ...
♣♣#@g..♣.~~~§
~~~~~♣♣♣♣♣.w~~~.~~~~
..~~~.~~....~~~.~~~~
[.~~~~.##########~~~
.....g~ .. ♣~...~~ ~
♣~~..~~ .w~~.~~ .~~~.g~


You could see Jorgrun and a tyrant leech.

Vanquished Creatures
  An orc warlord (Orc:2)
  Nessos (Lair:3)
  An eleionoma (Swamp:1)
  A bunyip (Swamp:1)
  An ettin (D:15)
  A fire dragon (Lair:5)
  3 boulder beetles
  An ice dragon (D:14)
  5 hydras
  6 centaur warriors
  Erica (Orc:1)
  2 two-headed ogres
  5 alligators (Swamp:1)
  A tengu warrior (D:15)
  5 orc high priests
  8 skeletal warriors
  Sonja (Lair:4)
  A fire crab (shapeshifter) (D:14)
  A skyshark (Lair:4)
  3 deep trolls
  A goliath frog (Swamp:1)
  A spriggan druid (Swamp:1)
  A bog body (Swamp:1)
  3 deep elf pyromancers
  A necromancer (D:15)
  3 lindwurms
  7 orc knights (Orc:2)
  3 cyclopes
  9 ugly things
  6 manticores
  2 ice statues (IceCv)
  6 black mambas
  5 elephants (Lair:4)
  9 cane toads
  2 molten gargoyles (Lair:5)
  A gargoyle (D:14)
  3 rime drakes
  2 unseen horrors (D:11)
  An efreet (D:11)
  6 yaktaurs (D:15)
  A tengu conjurer (D:15)
  12 komodo dragons
  6 trolls
  4 polar bears
  2 hornets
  10 blink frogs
  A tarantella (shapeshifter) (D:14)
  Prince Ribbit (D:7)
  3 tyrant leeches (Swamp:1)
  A wind drake (shapeshifter) (D:13)
  5 shadows
  3 slime creatures (D:14)
  A vampire (D:14)
  A water elemental (D:11)
  10 wyverns
  49 yaks
  A wraith (D:13)
  6 humans (D:7)
  3 basilisks
  5 steam dragons
  2 wargs
  2 death yak simulacra (IceCv)
  16 vampire mosquitoes
  3 swamp worms (Swamp:1)
  Duvessa (D:5)
  4 hell hounds (Lair:5)
  37 water moccasins
  35 orc warriors
  A sky beast (D:6)
  A black bear (D:7)
  8 wolves
  13 centaurs
  3 ogres
  A phantom (D:5)
  5 kobold brigands
  Blork the orc (D:5)
  4 scorpions
  11 bullfrogs
  4 wights (D:6)
  Dowan (D:5)
  An elephant simulacrum (IceCv)
  16 killer bees
  3 howler monkeys
  2 electric eels (D:11)
  A crimson imp (D:12)
  5 lava snakes (Lair:5)
  6 jellies
  34 orc priests
  3 hounds
  2 iguanas
  Ijyb (D:5)
  A sleepcap (D:7)
  6 hell rats (Lair:5)
  31 orc wizards
  A polar bear simulacrum (IceCv)
  17 adders
  A gnoll (D:1)
  2 shadow imps
  3 white imps
  An ufetubus (D:4)
  2 worms
  4 dart slugs
  93 orcs
  12 ball pythons
  11 endoplasms
  8 giant cockroaches
  6 hobgoblins
  11 jackals
  6 quokkas
  8 bats
  2 frilled lizards
  7 goblins
  27 kobolds
  10 rats
743 creatures vanquished.

Vanquished Creatures (others)
  An ugly thing (IceCv)
  A bloated husk (Swamp:1)
  An orc wizard (Orc:1)
  An orc (D:8)
  14 fungi
  13 plants
31 creatures vanquished.

Grand Total: 774 creatures vanquished

Notes
Turn   | Place    | Note
-------+----------+-------------------------------------------
     0 | D:1      | Alarkh the Demonspawn Hexslinger began the quest for the
                  | Orb.
     0 | D:1      | Reached XP level 1. HP: 15/15 MP: 2/2
    33 | D:1      | Reached skill level 2 in Ranged Weapons
    84 | D:1      | Gained mutation: You regenerate a little health from kills.
                  | [demonic ancestry]
    84 | D:1      | Reached XP level 2. HP: 14/21 MP: 3/3
   353 | D:1      | Reached skill level 3 in Ranged Weapons
   422 | D:1      | Gained mutation: You have a somewhat thin skeletal
                  | structure. (Dex +2, Stealth+) [demonic ancestry]
   422 | D:1      | Reached XP level 3. HP: 21/26 MP: 4/4
  1870 | D:3      | Reached XP level 4. HP: 32/32 MP: 5/5
  1878 | D:3      | Reached skill level 4 in Ranged Weapons
  2287 | D:4      | Noticed a scorpion
  2318 | D:4      | Killed a scorpion
  2319 | D:4      | Reached skill level 5 in Ranged Weapons
  2319 | D:4      | Gained mutation: You regenerate magic rapidly. [demonic
                  | ancestry]
  2319 | D:4      | Reached XP level 5. HP: 35/37 MP: 6/6
  2567 | D:4      | Found a staircase to the Ecumenical Temple.
  2617 | Temple   | Entered the Ecumenical Temple
  2845 | D:4      | Reached XP level 6. HP: 18/43 MP: 7/7
  2935 | D:4      | Found Buskyig's General Store.
  2940 | D:4      | Reached skill level 6 in Ranged Weapons
  2941 | D:4      | Found Roagacil's Specific Store.
  2949 | D:4      | Bought a +2 shortbow of flaming for 191 gold pieces
  2954 | D:4      | Identified 2 scrolls of acquirement
  2954 | D:4      | Acquired 607 gold pieces
  2956 | D:4      | Acquired the +2 ring mail of the Evil One {Regen+ rCorr
                  | Int+3 Dex+6}
  2968 | D:4      | Bought a +0 helmet of see invisible for 126 gold pieces
  2968 | D:4      | Bought a potion of curing for 33 gold pieces
  2968 | D:4      | Bought a scroll of blinking for 82 gold pieces
  2968 | D:4      | Bought a scroll of identify for 22 gold pieces
  3219 | D:4      | Noticed an orc warrior
  3228 | D:4      | Killed an orc warrior
  3229 | D:4      | Reached skill level 7 in Ranged Weapons
  3229 | D:4      | Gained mutation: You have a moderately thin skeletal
                  | structure. (Dex +4, Stealth++) [demonic ancestry]
  3229 | D:4      | Reached XP level 7. HP: 44/48 MP: 8/8
  3291 | D:4      | Found an ornate altar of the Wu Jian Council.
  3325 | D:5      | Entered Level 5 of the Dungeon
  3340 | D:5      | Found Fezeag Feng's General Store.
  3355 | D:5      | Bought a scroll of magic mapping for 82 gold pieces
  3357 | D:5      | Found a basalt altar of Yredelemnul.
  3448 | D:5      | Found a glowing drain.
  3464 | Sewer    | Entered a sewer
  3552 | Sewer    | Reached skill level 8 in Ranged Weapons
  3724 | D:5      | Identified the +3 flail "Alirasch" {drain, rC+}
  3793 | D:5      | Noticed Ijyb
  3803 | D:5      | Killed Ijyb
  3832 | D:5      | Reached skill level 13 in Ranged Weapons
  3832 | D:5      | Reached XP level 8. HP: 54/54 MP: 9/9
  3850 | D:5      | Noticed Dowan
  3854 | D:5      | Killed Dowan
  3854 | D:5      | Noticed Duvessa
  3868 | D:5      | Killed Duvessa
  3869 | D:5      | Reached XP level 9. HP: 17/59 MP: 10/10
  4122 | D:5      | Noticed Blork the orc
  4129 | D:5      | Killed Blork the orc
  4219 | D:6      | Found an iron altar of Okawaru.
  4266 | D:6      | Reached skill level 1 in Stealth
  4288 | D:6      | Reached skill level 1 in Armour
  4742 | D:6      | Found Keoxt's Book Emporium.
  4810 | D:6      | Found a hide-covered altar of Uskayaw.
  5019 | D:6      | Became a worshipper of Uskayaw the Reveller
  5072 | D:7      | Reached * piety under Uskayaw
  5075 | D:7      | Reached ** piety under Uskayaw
  5076 | D:7      | Reached skill level 14 in Ranged Weapons
  5108 | D:7      | Noticed Prince Ribbit
  5123 | D:7      | Killed Prince Ribbit
  5128 | D:7      | Found a sacrificial altar of Ru.
  5238 | D:7      | Reached *** piety under Uskayaw
  5241 | D:7      | Reached **** piety under Uskayaw
  5248 | D:7      | Reached ***** piety under Uskayaw
  5255 | D:7      | Reached ****** piety under Uskayaw
  5265 | D:7      | Reached skill level 1 in Invocations
  5265 | D:7      | Gained mutation: You regenerate health from kills. [demonic
                  | ancestry]
  5265 | D:7      | Reached XP level 10. HP: 62/68 MP: 11/11
  5364 | D:7      | Found a snail-covered altar of Cheibriados.
  5580 | D:7      | Found a transporter.
  5585 | D:7      | Found a transporter.
  5588 | D:7      | Noticed LordXaan's ghost (amateur MiBe)
  5777 | D:8      | Noticed a deep elf pyromancer
  5799 | D:8      | Killed a deep elf pyromancer
  5855 | D:8      | Noticed a cyan ugly thing
  5867 | D:8      | Killed a cyan ugly thing
  5956 | D:8      | Found a blossoming altar of Fedhas.
  6232 | D:8      | Found a stormy altar of Qazlal.
  6766 | D:9      | Reached skill level 5 in Invocations
  6766 | D:9      | Reached XP level 11. HP: 76/76 MP: 14/14
  7029 | D:10     | Entered Level 10 of the Dungeon
  7217 | D:10     | Found a bloodstained altar of Trog.
  7303 | D:10     | Found a staircase to the Lair.
  7313 | D:10     | Noticed a two-headed ogre
  7317 | D:10     | Killed a two-headed ogre
  7556 | D:10     | Found a shimmering blue altar of Sif Muna.
  7820 | Lair:1   | Entered Level 1 of the Lair of Beasts
  8033 | Lair:1   | Acquired a +2 pair of boots of rampaging
  8034 | Lair:1   | Acquired a manual of Dodging
  8203 | Lair:1   | Reached skill level 15 in Ranged Weapons
  8469 | Lair:1   | Reached skill level 5 in Dodging
  8627 | Lair:1   | Noticed a boulder beetle
  8765 | Lair:1   | Killed a boulder beetle
  8766 | Lair:1   | Reached skill level 5 in Fighting
  8869 | Lair:2   | Gained mutation: You have sharp fingernails. [demonic
                  | ancestry]
  8869 | Lair:2   | Reached XP level 12. HP: 86/86 MP: 18/18
  8971 | Lair:2   | Acquired a manual of Armour
  9067 | Lair:2   | Found a hole to the Spider Nest.
  9098 | Lair:2   | Reached skill level 5 in Stealth
  9123 | Lair:2   | Reached skill level 1 in Unarmed Combat
  9159 | Lair:2   | Learned a level 3 spell: Portal Projectile
  9252 | Lair:2   | Reached skill level 5 in Armour
  9370 | Lair:2   | Reached skill level 1 in Translocations
 10144 | Lair:3   | Found a staircase to the Swamp.
 10144 | Lair:3   | Noticed a six-headed hydra
 10243 | Lair:3   | Noticed a seven-headed hydra
 10249 | Lair:3   | Killed a six-headed hydra
 10257 | Lair:3   | Killed a seven-headed hydra
 10375 | Lair:3   | Noticed Nessos
 10395 | Lair:3   | Killed Nessos
 10818 | Lair:4   | Gained mutation: You have very sharp fingernails. [demonic
                  | ancestry]
 10818 | Lair:4   | Reached XP level 13. HP: 93/93 MP: 19/19
 10932 | Lair:4   | Noticed Sonja
 10944 | Lair:4   | Killed Sonja
 11776 | Lair:5   | Entered Level 5 of the Lair of Beasts
 12154 | Lair:5   | Acquired 1330 gold pieces
 12376 | Lair:5   | Found a viscous altar of Jiyva.
 12376 | Lair:5   | Found a staircase to the Slime Pits.
 12398 | Lair:5   | Identified the +5 chain mail of the Leaping Gods {rElec
                  | rCorr}
 12524 | Lair:5   | Acquired the +6 arbalest of Gozag's Scorn {speed, *Slow
                  | rF++ Int+5 Dex-3}
 12818 | Lair:5   | Reached skill level 5 in Unarmed Combat
 12903 | Lair:5   | Found a large runed translucent door.
 12903 | Lair:5   | Found a large runed translucent door.
 12991 | Lair:5   | Noticed a fire dragon
 13097 | Lair:5   | Killed a fire dragon
 13428 | D:11     | Found a frozen archway.
 13440 | IceCv    | Entered an ice cave
 13443 | IceCv    | Reached skill level 16 in Ranged Weapons
 13450 | IceCv    | Reached skill level 10 in Invocations
 13480 | IceCv    | Found a transporter.
 13499 | IceCv    | Found a transporter.
 13685 | D:11     | Reached XP level 14. HP: 101/101 MP: 21/21
 13735 | D:11     | Reached skill level 5 in Hexes
 14167 | D:11     | Found Isuteje's Antique Weapon Shop.
 14464 | D:12     | Found a staircase to the Orcish Mines.
 14548 | D:12     | Identified the +2 leather armour of Divine Compulsion
                  | {-Tele rPois rF- rCorr}
 14608 | D:12     | Found a portal to a secret trove of treasure.
 15190 | D:13     | Found Giewnan's Jewellery Emporium.
 15201 | D:13     | Bought the brooch of Shielding {Spirit SH+8} for 975 gold
                  | pieces
 15201 | D:13     | Found the brooch of Shielding {Spirit SH+8}
 15201 | D:13     | Bought the ring "Feylic" {rC+ Slay+2} for 606 gold pieces
 15201 | D:13     | Bought a ring of flight for 262 gold pieces
 16214 | D:14     | Found a gate to the Vaults.
 16382 | D:15     | Entered Level 15 of the Dungeon
 17021 | D:15     | Found a sparkling altar of Nemelex Xobeh.
 17148 | D:15     | Gained mutation: You regenerate a lot of health from kills.
                  | [demonic ancestry]
 17148 | D:15     | Reached XP level 15. HP: 109/109 MP: 16/23
 17225 | D:15     | Found a staircase to the Depths.
 17328 | D:15     | Found a radiant altar of Vehumet.
 17446 | D:15     | Found an iron altar of Okawaru.
 17446 | D:15     | Found a blossoming altar of Fedhas.
 17448 | D:15     | Found a hide-covered altar of Uskayaw.
 17448 | D:15     | Found a shimmering altar of Xom.
 17782 | Orc:1    | Entered Level 1 of the Orcish Mines
 17823 | Orc:1    | Noticed Erica
 17832 | Orc:1    | Killed Erica
 18068 | Orc:2    | Entered Level 2 of the Orcish Mines
 18459 | Orc:2    | Found a staircase to the Elven Halls.
 18855 | Orc:2    | Reached skill level 5 in Translocations
 18931 | Orc:2    | Found Ejeshri's Weapon Shoppe.
 18934 | Orc:2    | Found Fywk's Magic Scroll Shoppe.
 18935 | Orc:2    | Found Bown's Weapon Shoppe.
 18936 | Orc:2    | Found Yqid's Jewellery Emporium.
 18940 | Orc:2    | Bought a scroll of teleportation for 51 gold pieces
 18940 | Orc:2    | Bought a scroll of teleportation for 51 gold pieces
 18940 | Orc:2    | Bought a scroll of teleportation for 51 gold pieces
 19400 | Swamp:1  | Entered Level 1 of the Swamp
 19420 | Swamp:1  | Identified the +1 ring mail of Iqohewa {-Cast rElec rC+}
 19601 | Swamp:1  | Noticed Jorgrun
 19655 | Swamp:1  | HP: 1/110 [tyrant leech (10)]
 19656 | Swamp:1  | Slain by Jorgrun

Illustrated notes

Levels and vault maps discovered:
D:1:      dpeg_arrival_connections, layout_basic
D:2:      layout_loops_cross, kennysheep_another_room
D:3:      minmay_recursive_quarters, layout_rooms
D:4:      layout_loops_ring, minitemple, minmay_temple_entry_sparse_star,
          nicolae_specific_store, nicolae_nh_ransacked_shop
D:5:      layout_loops_ring, mainiacjoe_overflow_cross_hatched, serial_shops,
          shop, portal_sewer_entry_f, uniq_blork_the_orc, uniq_ijyb,
          uniq_duvessa
D:6:      nicolae_cairo_tiling, layout_basic, lemuel_round_altar,
          mainiacjoe_overflow_small_starburst, serial_shops, shop,
          grunt_decor_resistance, corexii_corridor_pit
D:7:      layout_basic, slow_altar_1, nicolae_tso_swordbearing_angel,
          mainiacjoe_overflow_chevrons, gammafunk_ghost_abyssal_escape,
          hangedman_decor_growths, minmay_ruffians, uniq_prince_ribbit1
D:8:      layout_cave_pools, fedhas_altar_3,
          mainiacjoe_overflow_surrounded_room, minmay_three_doors
D:9:      layout_roguey, minivault_16, kennysheep_potato
D:10:     layout_basic, trog_ov_bears_minmay, lemuel_crystal_altar,
          lair_entry_dummy, chequers_serial_rivers_micro_d
D:11:     layout_roguey, serial_shops,
          nicolae_shop_temple_entry_statues_fountains,
          portal_ice_cave_entry_pillars_1, serial_bayou_lake_a
D:12:     layout_gridville, hiddenorc2_lemuel, enter_trove_0,
          minmay_fire_ice_demons
D:13:     layout_cave_pools, serial_shops, nicolae_shop_just_a_little_nook
D:14:     layout_layer_cave, david_vaults_4, serial_bayou_ford_a
D:15:     hangedman_depths_entry_civil_slaughter, layout_irregular_city,
          nemelex_diamond_rough_becter, doesnt_xom_only_xom
Temple:   hellmonk_temple_beads
Lair:1:   layout_regular_city, wad_woods_river_03, infiniplex_staircase_pool,
          grunt_megastairs_2
Lair:2:   lemuel_reptile_caves, layout_concentric_octagons,
          spider_nest_entry_webs, minmay_lindwurm_lava
Lair:3:   layout_long_grid, swamp_mist, uniq_nessos
Lair:4:   layout_small_grid, uniq_sonja
Lair:5:   cheibrodos_lair_end_hotspot, layout_regular_city,
          nicolae_slime_entry_slimehenge
Swamp:1:  layout_basic_swamp, ebering_ghost_disaster_area,
          evilmike_swamp_ruin_wall, uniq_jorgrun
Orc:1:    layout_caves, uniq_erica
Orc:2:    st_orc_pillars, layout_diamond_mine

Skill      XL: |  1  2  3  4  5  6  7  8  9 10 11 12 13 14 15 |
---------------+----------------------------------------------+-----
Ranged Weapons | 2 3 5 7 13 14 15 16 | 16.9
Dodging        | 3 5 6 7 8 9 |  9.5
Stealth        | 2 3 4 5 6 7 |  7.8
Armour         | 2 3 4 6 7 8 9 |  9.4
Fighting       | 2 3 5 6 7 8 |  8.1
Invocations    | 1 5 8 9 10 11 | 11.5
Unarmed Combat | 3 5 6 7 |  7.8
Translocations | 2 3 4 5 |  5.2
Spellcasting   | 2 3 4 |  4.7
Hexes          | 4 6 |  6.7

Action                     |  1- 3 |  4- 6 |  7- 9 | 10-12 | 13-15 || total
---------------------------+-------+-------+-------+-------+-------++-------
  Melee: Arbalest          |       |       |       |       |     1 ||     1
   Fire: Sling             |   141 |   131 |       |       |       ||   272
         Shortbow          |       |    35 |   265 |   763 |       ||  1063
         Longbow           |       |       |       |    34 |   274 ||   308
         Arbalest          |       |       |       |       |  1060 ||  1060
   Cast: Slow              |     2 |       |       |       |       ||     2
         Portal Projectile |       |       |       |       |    44 ||    44
 Invoke: Line Pass         |       |       |       |       |     1 ||     1
    Use: Scroll            |     1 |    10 |     5 |    12 |    14 ||    42
         Potion            |       |     2 |     1 |     2 |    10 ||    15
 Armour: Robe              |    22 |    11 |       |       |       ||    33
         Ring mail         |       |    11 |    18 |    86 |   114 ||   229
  Dodge: Dodged            |    43 |    44 |    69 |   370 |   443 ||   969
  Block: Other             |       |       |       |       |   104 ||   104
